 Dungeon Crawl Stone Soup version 0.27.1-34-g3ba077fa99 (webtiles) character file.

Game seed: 734840603916350474

91 Hugehornet the Insei (level 4, -3/29 HPs)
             Began as an Octopode Transmuter on Jan 19, 2022.
             Slain by a gnoll (7 damage)
             ... on level 3 of the Dungeon.
             The game lasted 00:02:50 (2741 turns).

Hugehornet the Insei (Octopode Transmuter)          Turns: 2741, Time: 00:02:50

Health: -3/29      AC:  1    Str:  9    XL:     4   Next: 59%
Magic:  6/7        EV: 13    Int: 16    God:
Gold:   66         SH:  0    Dex: 12    Spells: 2/8 levels left

rFire    + . .     SeeInvis .     - Unarmed
rCold    . . .     Faith    .   (no shield)
rNeg     . . .     Spirit   .   (helmet restricted)
rPois    .         Reflect  .   (no amulet)
rElec    .         Harm     .   c - ring of protection from fire
rCorr    .         Rampage  .   (no ring)
Will     .....                  (no ring)
Stlth    ++........             (no ring)
HPRegen  0.09/turn              (no ring)
MPRegen  0.10/turn              (no ring)
                                (no ring)
                                (no ring)

@: wereblooded
A: almost no armour, amphibious, 8 rings, camouflage 1, gelatinous body 1,
(nimble swimmer 1), tentacles
a: no special abilities


You were on level 3 of the Dungeon.
You visited 1 branch of the dungeon, and saw 3 of its levels.

You collected 66 gold pieces.

Inventory:

Jewellery
 c - a ring of protection from fire (left tentacle)
Scrolls
 a - a scroll of immolation {unknown}
 b - 3 scrolls of identify {unknown}
 e - a scroll of vulnerability {unknown}
 h - a scroll of magic mapping {unknown}
Potions
 d - a potion of cancellation {unknown}
 f - a potion of curing {unknown}
 g - a potion of might {unknown}
 i - 2 potions of ambrosia {unknown}


   Skills:
 + Level 1.9 Fighting
 - Level 2.0 Dodging
 * Level 3.8 Unarmed Combat
 + Level 2.5 Spellcasting
 * Level 3.1 Transmutations


You had 2 spell levels left.
You knew the following spells:

 Your Spells              Type           Power      Damage    Failure   Level
a - Beastly Appendage     Tmut           22%        N/A       5%          1
b - Wereblood             Tmut           11%        N/A       9%          2
c - Spider Form           Tmut/Pois      3%         N/A       30%         3

Your spell library contained the following spells:

 Spells                   Type           Power      Damage    Failure   Level
 Ice Form                 Ice/Tmut       6%         N/A       71%         4


Dungeon Overview and Level Annotations

Branches:
Dungeon (3/15)

Altars:


Innate Abilities, Weirdness & Mutations

You cannot wear most types of armour.
You are amphibious.
You can wear up to eight rings at the same time.
Your skin changes colour to match your surroundings (Stealth+).
Your rubbery body absorbs attacks. (AC +1, EV +1)
((You are camouflaged near water. (Stealth+)))
You have tentacles for arms and can constrict up to eight enemies at once.


Message History

You tentacle-slap the bat.
You kill the bat!
No target in view!
No target in view!
No target in view! 2 gnolls come into view.
Casting: Beastly Appendage (safe; 5% risk of failure)
Confirm with . or Enter, or press ? or * to list all spells.
You miscast Beastly Appendage.
You are very lightly contaminated with residual magic.
Nothing appears to happen.
A gnoll comes into view. It is wielding a +0 flail.
The gnoll shouts!
You barely miss the gnoll. You grab the gnoll.
You pierce the gnoll, but do no damage.
You constrict the gnoll, but do no damage.
The gnoll hits you with a +0 whip!
You tentacle-slap the gnoll.
The gnoll is lightly wounded.
You constrict the gnoll. The gnoll closely misses you.
You tentacle-slap the gnoll but do no damage.
You squeeze the gnoll.
The gnoll is severely wounded.
You constrict the gnoll. The gnoll hits you with a +0 flail.
The gnoll misses you.
You are too injured to fight recklessly!
You release your grip on the gnoll.
Your transformation is almost over.
Your magical contamination has completely faded away.
Casting: Beastly Appendage (safe; 5% risk of failure)
Confirm with . or Enter, or press ? or * to list all spells.
Your blood is infused with primal strength.
The gnoll hits you with a +0 flail!
* * * LOW HITPOINT WARNING * * *
Okay, then.
You see here a +0 dagger.
Your tentacle spike disappears.
There is a stone staircase leading up here.
The gnoll hits you with a +0 flail!
You die...

#...........)..#
#......†......##
#.............#
#.............#
#.#######.....#
#.# #..g..#
#.#######g....#
#.##.....g.####
#.##.....@.#
#..#.......#
##.#.......#
#.#....####
#.#....#####
#...........
#.##...#####
#.##........
#.##....####


You could see 3 gnolls.

Vanquished Creatures
  Jessica (D:2)
  An adder (D:3)
  A worm (D:2)
  3 ball pythons
  5 endoplasms
  3 giant cockroaches (D:1)
  4 goblins
  3 hobgoblins
  6 jackals (D:1)
  5 kobolds
  7 quokkas
  3 bats
  2 frilled lizards
  A rat (D:1)
45 creatures vanquished.

Notes
Turn   | Place    | Note
-------+----------+-------------------------------------------
     0 | D:1      | Hugehornet the Octopode Transmuter began the quest for the
                  | Orb.
     0 | D:1      | Reached XP level 1. HP: 13/13 MP: 3/3
    73 | D:1      | Reached XP level 2. HP: 8/18 MP: 3/5
   693 | D:1      | Learned a level 2 spell: Wereblood
   776 | D:1      | Reached XP level 3. HP: 19/23 MP: 6/6
   780 | D:1      | Learned a level 3 spell: Spider Form
  2191 | D:2      | Noticed Jessica
  2199 | D:2      | Killed Jessica
  2200 | D:2      | Reached XP level 4. HP: 22/29 MP: 5/7
  2741 | D:3      | Slain by a gnoll

Illustrated notes

Levels and vault maps discovered:
D:1:      psy_arrival_fountain, layout_loops_ring, minmay_misc_feat_tiny
D:2:      layout_basic, uniq_jessica
D:3:      layout_basic, mainiacjoe_overflow_boulevard,
          lemuel_zombie_altar_yredelemnul, uniq_robin

Skill      XL: |  1  2  3 |
---------------+----------+-----
Transmutations | 3 |  3.1
Fighting       | |  1.9
Dodging        | |  2.0
Unarmed Combat | |  3.8
Spellcasting   | |  2.5

Action                   |  1- 3 |  4- 6 || total
-------------------------+-------+-------++-------
Melee: Unarmed           |    95 |    16 ||   111
       Kick              |    21 |     3 ||    24
       Constrict         |    25 |     3 ||    28
       Tentacles         |    15 |     1 ||    16
       Punch             |     1 |       ||     1
 Cast: Beastly Appendage |    28 |     5 ||    33
       Wereblood         |       |     1 ||     1
 Stab: Sleeping          |     2 |     1 ||     3
Armor: Skin              |     3 |     1 ||     4
Dodge: Dodged            |    59 |     7 ||    66
